 Dungeon Crawl Stone Soup version 0.25-a0-413-g3b4b6a4ccc (webtiles) character file.

Game seed: 6662065193114217250, levelgen mode: deterministic

489 LairdRich the Chopper (level 6, -6/56 HPs)
             Began as a Minotaur Berserker on Jan 16, 2020.
             Was a Believer of Trog.
             Mangled by a wyvern (10 damage)
             ... on level 4 of the Dungeon.
             The game lasted 00:10:21 (3176 turns).

LairdRich the Chopper (Minotaur Berserker)          Turns: 3176, Time: 00:10:22

Health: -6/56      AC: 10    Str: 23    XL:     6   Next: 90%
Magic:  5/5        EV:  9    Int:  4    God:    Trog [**....]
Gold:   213        SH:  0    Dex: 10    Spells: 5/5 levels left

rFire    . . .     SeeInvis .   a - +0 hand axe
rCold    . . .     Gourm    .   (no shield)
rNeg     . . .     Faith    .   l - +0 chain mail
rPois    .         Spirit   .   (helmet restricted)
rElec    .         Reflect  .   k - +0 cloak
rCorr    .         Harm     .   (no gloves)
MR       .....                  (no boots)
Stlth    ..........             (no amulet)
HPRegen  0.18/turn              (no ring)
MPRegen  0.09/turn              (no ring)

@: no status effects
A: retaliatory headbutt, horns 2
a: Berserk, Trog's Hand, Renounce Religion


You were on level 4 of the Dungeon.
You worshipped Trog.
Trog was pleased with you.
You were not hungry.

You visited 1 branch of the dungeon, and saw 4 of its levels.

You collected 213 gold pieces.

Inventory:

Hand Weapons
 a - a +0 hand axe (weapon)
Armour
 k - a +0 cloak (worn)
 l - a +0 chain mail (worn)
Jewellery
 n - a +3 ring of evasion {unknown}
 v - an uncursed ring of wizardry {unknown}
 w - a +3 ring of evasion {unknown}
Wands
 p - a wand of random effects (19)
 s - a wand of iceblast (8)
Scrolls
 b - 2 scrolls of enchant weapon {unknown}
 f - 2 scrolls of amnesia {unknown}
 g - 2 scrolls of remove curse {unknown}
 h - a scroll of fear {unknown}
 j - 2 scrolls of teleportation {unknown}
 m - a scroll of immolation {unknown}
 o - 8 scrolls of identify {unknown}
 u - a scroll of random uselessness {unknown}
Potions
 d - a potion of heal wounds {unknown}
 e - a potion of agility {unknown}
 i - 4 potions of mutation {unknown}
 q - a potion of degeneration {unknown}
 r - a potion of cancellation {unknown}
 t - 2 potions of curing {unknown}
Comestibles
 c - 7 rations
 x - a chunk of flesh


   Skills:
 + Level 5.6 Fighting
 * Level 7.2 Axes
 + Level 4.8 Armour
 - Level 2.1 Dodging


You had 5 spell levels left.
You didn't know any spells.
Your spell library was empty.

Dungeon Overview and Level Annotations

Branches:
Dungeon (4/15)
 Temple: D:4-7

Altars:
Makhleb

Annotations:
D:2 exclusions: blizzard demon and 1 more exclusion


Innate Abilities, Weirdness & Mutations

You reflexively headbutt those who attack you in melee.
You have a pair of horns on your head.


Message History

The wyvern bites you!
You closely miss the wyvern. The wyvern bites you! The wyvern bites you.
You hit the wyvern.
The wyvern is lightly wounded.
The wyvern bites you but does no damage.
You hit the wyvern. You headbutt the wyvern!
The wyvern is heavily wounded.
The wyvern bites you.
You hit the wyvern but do no damage.
The wyvern is heavily wounded.
The wyvern bites you!
* * * LOW HITPOINT WARNING * * *
You closely miss the wyvern. Your headbutt misses the wyvern.
The wyvern is heavily wounded.
The wyvern bites you.
* * * LOW HITPOINT WARNING * * *
The wyvern bites you.
* * * LOW HITPOINT WARNING * * *
The wyvern bites you!
You die...

# ### #########.#
#####.# ).........#
#.....#
#########.######@###
#.....#..........l.#
..###.#.#.########.#
#####.#.#............#
....#.#.#.########.###
#.......#...<.####.#
#.#.#.#.#.#.....##.#
#.#.#...#.#.#.#.##.#
#.#...#.#.#.#.# ##..


You could see a wyvern.

Vanquished Creatures
  An ogre (D:4)
  A centaur (D:4)
  2 hounds
  Crazy Yiuf (D:3)
  An orc priest (D:4)
  Ijyb (D:3)
  An iguana (D:4)
  2 orc wizards (D:4)
  5 adders (D:2)
  3 worms
  A dart slug (D:2)
  2 leopard geckos
  2 orcs
  A ball python (D:1)
  A giant cockroach (D:3)
  11 goblins
  7 hobgoblins
  2 jackals (D:3)
  6 kobolds
  6 bats
  A frilled lizard (D:1)
  A jackal skeleton (D:4)
  3 rats
62 creatures vanquished.

Notes
Turn   | Place    | Note
-------+----------+-------------------------------------------
     0 | D:1      | LairdRich the Minotaur Berserker began the quest for the
                  | Orb.
     0 | D:1      | Reached XP level 1. HP: 19/19 MP: 0/0
   388 | D:1      | Reached skill level 4 in Axes
   388 | D:1      | Reached XP level 2. HP: 26/27 MP: 1/1
   879 | D:2      | Reached XP level 3. HP: 33/33 MP: 2/2
  1027 | D:2      | Reached ** piety under Trog
  1129 | D:2      | Reached skill level 5 in Axes
  1129 | D:2      | Reached XP level 4. HP: 36/41 MP: 3/3
  1200 | D:2      | Found a burning altar of Makhleb.
  1200 | D:2      | Noticed a blizzard demon
  1558 | D:3      | Found a faded altar of an unknown god.
  1740 | D:3      | Noticed Ijyb
  1751 | D:3      | Killed Ijyb
  1751 | D:3      | Reached XP level 5. HP: 47/47 MP: 4/4
  2073 | D:3      | Found a runed translucent door.
  2074 | D:3      | Noticed Crazy Yiuf
  2084 | D:3      | Killed Crazy Yiuf
  2179 | D:4      | Noticed a centaur
  2480 | D:4      | Reached skill level 6 in Axes
  2584 | D:4      | Killed a centaur
  2584 | D:4      | Reached skill level 5 in Fighting
  2584 | D:4      | Reached XP level 6. HP: 51/56 MP: 5/5
  2752 | D:4      | Reached skill level 7 in Axes
  3168 | D:4      | Noticed a wyvern
  3176 | D:4      | Mangled by a wyvern

Levels and vault maps discovered:
D:1:      lemuel_arrival_cross, layout_loops_ring
D:2:      layout_loops_cross, makhleb_altar_promises_db
D:3:      layout_basic, chequers_ecumenical_altar_simple, uniq_ijyb,
          uniq_crazy_yiuf_cottage
D:4:      layout_basic

Skill      XL: |  1  2  3  4  5  6 |
---------------+-------------------+-----
Axes           | 4 5 6 7 |  7.2
Fighting       | 4 5 |  5.6
Armour         | 3 4 |  4.8
Dodging        | |  2.1

Action                   |  1- 3 |  4- 6 || total
-------------------------+-------+-------++-------
Melee: Hand axe          |    55 |    99 ||   154
       Headbutt          |     9 |    21 ||    30
Invok: Trog's Hand       |       |     2 ||     2
       Berserk           |       |     1 ||     1
  Eat: Chunk             |     1 |     3 ||     4
       Ration            |       |     2 ||     2
Armor: Ring mail         |     7 |       ||     7
       Chain mail        |    24 |    58 ||    82
Dodge: Dodged            |    29 |    36 ||    65

Table legend:
 A = Non-vault XP
 B = Vault XP
 C = Vault XP percentage of total XP
 D = Non-vault monster count
 E = Vault monster count
 F = Vault count percentage of total count
                 A         B        C        D         E       F
            +---------+---------+-------+---------+---------+-------
      Total |     620 |      79 |  11.3 |      60 |       2 |   3.2
            +---------+---------+-------+---------+---------+-------
        D:1 |      19 |       0 |   0.0 |      11 |       0 |   0.0
        D:2 |      96 |       0 |   0.0 |      21 |       0 |   0.0
        D:3 |      83 |      79 |  48.8 |      18 |       2 |  10.0
        D:4 |     422 |       0 |   0.0 |      10 |       0 |   0.0
            +---------+---------+-------+---------+---------+-------
